 Dungeon Crawl Stone Soup version 0.23-a0-32-g1388f29 (webtiles) character file.

100 Amnesiac the Digger (level 4, -1/30 HPs)
             Began as a Mummy Earth Elementalist on Aug 4, 2018.
             Was an Initiate of Kikubaaqudgha.
             Slain by Edmund
             ... wielding a +2 dire flail of draining
              (10 damage)
             ... on level 4 of the Dungeon.
             The game lasted 00:04:06 (1022 turns).

Amnesiac the Digger (Mummy Earth Elementalist)      Turns: 1022, Time: 00:04:06

Health: -1/30      AC:  3    Str: 11    XL:     4   Next: 47%
Magic:  9/9        EV: 12    Int: 15    God:    Kikubaaqudgha [......]
Gold:   64         SH:  0    Dex: 15    Spells: 4/10 levels left

rFire    x . .     SeeInvis .   a - +2 dagger (drain)
rCold    + . .     Gourm    .   (no shield)
rNeg     + + +     Faith    .   c - +0 robe
rPois    ∞         Spirit   .   j - +0 helmet
rElec    .         Reflect  .   e - scarf {repulsion}
rCorr    .         Harm     .   (no gloves)
MR       .....                  (no boots)
Stlth    ++........             d - amulet of the acrobat
HPRegen  0.10/turn              g - +3 ring of dexterity
MPRegen  0.11/turn              (no ring)

@: repel missiles
A: no food or potions, fire vulnerability, cold resistance 1, negative energy
resistance 3, torment resistance, unbreathing
a: Renounce Religion


You were on level 4 of the Dungeon.
You worshipped Kikubaaqudgha.
Kikubaaqudgha was noncommittal.
You were not hungry.

You visited 1 branch of the dungeon, and saw 5 of its levels.

You collected 64 gold pieces.

Inventory:

Hand Weapons
 a - a +2 dagger of draining (weapon)
 h - a +4 broad axe
 l - a +0 hunting sling
Missiles
 b - 11 stones (quivered)
Armour
 c - a +0 robe (worn)
 e - a scarf of repulsion (worn)
 j - a +0 helmet (worn)
Jewellery
 d - an amulet of the acrobat (around neck)
 g - a +3 ring of dexterity (left hand)
Wands
 i - a wand of disintegration (12)
Scrolls
 k - a scroll of fog {!r}
 m - 4 scrolls of remove curse {!r, unknown}
 n - 2 scrolls of blinking {!r}


   Skills:
 - Level 1.5 Dodging
 - Level 1.5 Stealth
 + Level 3.8 Spellcasting
 - Level 0.7 Transmutations
 * Level 3.9 Earth Magic


You had 4 spell levels left.
You knew the following spells:

 Your Spells              Type           Power        Failure   Level  Hunger
a - Sandblast             Erth           ##....       3%          1    N/A
b - Passwall              Tmut/Erth      #.......     11%         2    N/A
c - Stone Arrow           Conj/Erth      #.....       24%         3    N/A

Your spell library contained the following spells:

 Spells                   Type           Power        Failure   Level  Hunger
 Lee's Rapid Deconstruct  Erth           ##........   69%         5    N/A
 Petrify                  Tmut/Erth      #.......     56%         4    N/A

Dungeon Overview and Level Annotations

Branches:
Dungeon (5/15)
 Temple: D:4-7

Altars:
Dithmenos
Gozag
Kikubaaqudgha
Sif Muna

Annotations:
D:4 Edmund


Innate Abilities, Weirdness & Mutations

You do not eat or drink.
Your flesh is vulnerable to fire.
You are immune to poison.
Your flesh is cold resistant. (rC+)
You are immune to negative energy. (rN+++)
You are immune to unholy pain and torment.
You can survive without breathing.


Message History

Edmund shouts!
You hear an angry hiss.
You hit Edmund. You drain Edmund!
Edmund is lightly wounded.
Edmund barely misses you.
You barely miss Edmund.
Edmund is lightly wounded.
Edmund asks, "Have you met my wondrous brother?"
Edmund barely misses you.
You hit Edmund. You drain Edmund!
Edmund is moderately wounded.
You hit Edmund. You drain Edmund!
Edmund is moderately wounded.
Edmund closely misses you.
An adder comes into view.
The adder hisses angrily.
You hit Edmund but do no damage.
Edmund is moderately wounded.
Edmund completely misses you.
You barely miss Edmund.
Edmund is moderately wounded.
Edmund closely misses you.
You hit Edmund but do no damage.
Edmund is moderately wounded.
Edmund closely misses you.
You hit Edmund.
Edmund is moderately wounded.
Edmund hits you with a dire flail of draining.
You hit Edmund. You drain Edmund!
Edmund is heavily wounded.
Edmund misses you.
You hit Edmund.
Edmund is heavily wounded.
Edmund hits you with a dire flail of draining.
You hit Edmund but do no damage. You drain Edmund!
Edmund is severely wounded.
Edmund hits you with a dire flail of draining.
You closely miss Edmund.
Edmund is severely wounded.
You hit Edmund.
Edmund is severely wounded.
Edmund closely misses you.
You barely miss Edmund.
Edmund is severely wounded.
Edmund closely misses you.
You hit Edmund but do no damage. You drain Edmund!
Edmund is severely wounded.
Edmund hits you with a dire flail of draining.
You hit Edmund but do no damage.
Edmund is severely wounded.
Edmund mutters, "Who needs spells, anyway?"
Edmund hits you with a dire flail of draining.
You hit Edmund but do no damage. You drain Edmund!
Edmund is almost dead.
Edmund hits you with a dire flail of draining.
* * * LOW HITPOINT WARNING * * *
You closely miss Edmund.
Edmund is almost dead.
Edmund hits you with a dire flail of draining.
* * * LOW HITPOINT WARNING * * *
You hit Edmund but do no damage. You drain Edmund!
Edmund is almost dead.
Edmund hits you with a dire flail of draining!
You die...
Kikubaaqudgha rasps: "You have failed me!
Welcome... oblivion!"

#####.######### #.#####.#
....#.##......###.#.....#
###.#..^..........#.....######
.........†.....................
#.#.##..†..........############
#.#.##.............# ...
#.#.##......##########....
#.#.##......#######.......
................@@S.......
..#.##......######........
###.######### #.......#.. #.#
#..S..).# ###.## #.......#
.....##### #.....### ..........
#.....# .....####. #.....#
.....# .....#.


You could see Edmund and an adder.

Vanquished Creatures
  3 gnolls (D:4)
  3 adders
  An ooze (D:3)
  A worm (D:3)
  2 orcs (D:3)
  2 bats (D:3)
  3 giant cockroaches (D:3)
  2 goblins (D:3)
  2 hobgoblins (D:3)
  5 jackals (D:3)
  2 quokkas
  4 frilled lizards
  A kobold (D:3)
  A quokka skeleton (D:4)
  4 rats (D:3)
36 creatures vanquished.

Notes
Turn   | Place    | Note
-------+----------+-------------------------------------------
     0 | D:1      | Amnesiac the Mummy Earth Elementalist began the quest for the Orb.
     0 | D:1      | Reached XP level 1. HP: 13/13 MP: 4/4
   160 | D:3      | Reached XP level 2. HP: 16/19 MP: 2/5
   184 | D:3      | Learned a level 2 spell: Passwall
   266 | D:3      | Found an ancient bone altar of Kikubaaqudgha.
   271 | D:3      | Became a worshipper of Kikubaaqudgha
   370 | D:3      | Reached XP level 3. HP: 16/24 MP: 7/7
   375 | D:3      | Learned a level 3 spell: Stone Arrow
   420 | D:3      | Found an opulent altar of Gozag.
   523 | D:3      | Found a shadowy altar of Dithmenos.
   575 | D:3      | Found a deep blue altar of Sif Muna.
   611 | D:5      | Entered Level 5 of the Dungeon
   656 | D:4      | Reached XP level 4. HP: 16/30 MP: 1/9
  1001 | D:4      | Noticed Edmund
  1022 | D:4      | Slain by Edmund

Vault maps used:
D:1:      lemuel_arrival_river_bridge
D:2:      nicolae_overflow_crystal_walls, first_ration
D:3:      overflow_temple_1_default, nicolae_dithmenos_shadow_blocks,
          kiku_gazebo_garden_becter, lemuel_doored_altar,
          hangedman_decor_clover_reticule, nrook_uturn, grunt_decor_one_mirror,
          minmay_misc_feat_chi
D:4:      kennysheep_mini, uniq_edmund
D:5:      overflow_temple_1_default, lemuel_coloured_pillars_altar,
          serial_shops, shop, minmay_fountain_box, grunt_decor_mini_mirrors,
          elyvilon_altar_4, uniq_eustachio, uniq_duvessa

Skill      XL: |  1  2 |
---------------+-------+-----
Spellcasting   | 3 |  3.8
Earth Magic    | 3 |  3.9
Dodging        | |  1.5
Stealth        | |  1.5
Transmutations | |  0.7

Action                   |  1- 3 |  4- 6 || total
-------------------------+-------+-------++-------
Melee: Club              |    13 |       ||    13
       Broad axe         |    32 |       ||    32
       Dagger            |    20 |    39 ||    59
 Cast: Sandblast         |    15 |     4 ||    19
  Use: Scroll            |     1 |     1 ||     2
 Stab: Sleeping          |     5 |       ||     5
Armor: Robe              |    14 |       ||    14
Dodge: Dodged            |    49 |    21 ||    70

Table legend:
 A = Spawn XP
 B = Non-spawn XP
 C = Spawn XP percentage of total XP
 D = Spawn monster count
 E = Non-spawn monster count
 F = Spawn count percentage of total count
 G = Total turns spent on level
                    A         B        C        D         E        F      G
               +---------+---------+-------+---------+---------+-------+---------
         Total |       0 |     144 |   0.0 |       0 |      36 |   0.0 |  1022
               +---------+---------+-------+---------+---------+-------+---------
           D:3 |       0 |      82 |   0.0 |       0 |      29 |   0.0 |   566
           D:4 |       0 |      62 |   0.0 |       0 |       7 |   0.0 |   421
               +---------+---------+-------+---------+---------+-------+---------
